 Dungeon Crawl Stone Soup version 0.31.0-11-ge490571c62 (webtiles) character file.

Game seed: 912550111624401732

252 qw the Ducker (level 5, 0/26 HPs)
             Began as a Spriggan Hunter on Feb 4, 2024.
             Succumbed to Robin's poison
             ... on level 2 of the Dungeon.
             The game lasted 00:00:08 (1572 turns).

qw the Ducker (Spriggan Hunter)                     Turns: 1572, Time: 00:00:08

Health: 0/26       AC:  2    Str:  7    XL:     5   Next: 89%
Magic:  6/6        EV: 22    Int: 11    God:
Gold:   55         SH:  0    Dex: 20    Spells: 4/4 levels left

rFire   . . .        a - +0 shortbow
rCold   . . .        (shield currently unavailable)
rNeg    . . .        c - +0 robe
rPois   .            (helmet restricted)
rElec   .            (no cloak)
rCorr   .            (gloves unavailable)
SInv    +            (boots unavailable)
Will    .....        (no amulet)
Stlth   ++           (no ring)
HPRegen 0.24/turn    (no ring)
MPRegen 0.10/turn

%: no passive effects
@: lethally poisoned (0 -> -4), very quick
A: very small, no large weapons, unfitting armour, see invisible, speed 3
a: no special abilities


You were on level 2 of the Dungeon.
You visited 1 branch of the dungeon, and saw 3 of its levels.

You collected 55 gold pieces.


Innate Abilities, Weirdness & Mutations

You are very small and have problems with some larger weapons.
You are too small for most types of armour.
You have supernaturally acute eyesight. (SInv)
You cover ground extremely quickly. (Speed+++)


   Skills:
 + Level 1.8 Fighting
 - Level 5.0 Ranged Weapons
 - Level 7.1 Dodging
 - Level 1.5 Stealth


You had 4 spell levels left.
You didn't know any spells.
Your spell library was empty.

Inventory:

Hand Weapons
 a - a +0 shortbow (weapon)
Armour
 c - a +0 robe (worn)
Potions
 d - a potion of cancellation {unknown}
 e - a potion of brilliance {unknown}
 g - a potion of heal wounds
 h - a potion of mutation {unknown}

Dungeon Overview and Level Annotations

Branches:
Dungeon (3/15)

Altars:

Shops:
D:1 =

Annotations:
D:3 Robin


Message History

You start resting.
HP restored.
You climb downwards.
Level annotation: Robin Robin closely misses you.
There is a stone staircase leading up, spattered with blood here.
You shoot an arrow. The arrow hits Robin.
Robin is moderately wounded.
Robin completely misses you.
You shoot an arrow. The arrow barely misses Robin.
Robin barely misses you.
You shoot an arrow.
The arrow hits Robin but does no damage.
Robin is moderately wounded.
Robin closely misses you.
You shoot an arrow.
The arrow hits Robin but does no damage.
Robin is moderately wounded.
Robin misses you.
You shoot an arrow. The arrow hits Robin!
Robin is almost dead.
Robin hits you from afar with a +3 spear of venom!
You are poisoned.
1566 ||| STAIRDANCE You feel very sick.
Robin hits you from afar with a +3 spear of venom.
You are lethally poisoned!
You climb upwards.
You feel very sick.
There is a stone staircase leading down here.
There is a lethal amount of poison in your body!
You feel sick.
There is a lethal amount of poison in your body!
You feel sick.
There is a lethal amount of poison in your body!
You feel sick.
There is a lethal amount of poison in your body!
You feel sick.
There is a lethal amount of poison in your body!
You die...

.....................'........#..
...######.....(......######)#.#.#
...######...................#.#.#
.......##............######.#.#.#
.......##....#......#.........#.#
.......##....#...............##.#
.......#######........######.##.#
.......#######..%)....# #.##.#
.......#........@)....# #.##.#
.....<.#.......))%....# ####.##.#
.......#..............# #........
.......##[####........# #........
.......##.# #######..###........
######.##.# ####..#.+........
#.##.## #.....#.#........ #.#...#
####.....#.#......>. #.#<..#
#........#.#######)#


There were no monsters in sight!

Vanquished Creatures
  Sigmund (D:2)
  Jessica (D:2)
  2 dart slugs (D:1)
  6 endoplasms
  2 giant cockroaches (D:2)
  12 goblins
  8 hobgoblins
  A quokka (D:1)
  3 ball pythons (D:2)
  2 bats
  5 frilled lizards
  5 kobolds
  3 rats
51 creatures vanquished.

Notes
Turn   | Place    | Note
-------+----------+-------------------------------------------
     0 | D:1      | qw the Spriggan Hunter began the quest for the Orb.
     0 | D:1      | Reached XP level 1. HP: 10/10 MP: 2/2
     0 | D:1      | 0 ||| qw: Version: 0.3-a-160-g6735b56
     0 | D:1      | 0 ||| qw: Game counter: 5030
     0 | D:1      | 0 ||| qw: Melee chars always use a shield: true
     0 | D:1      | 0 ||| qw: God list: Okawaru
     0 | D:1      | 0 ||| qw: Allow faded altars: false
     0 | D:1      | 0 ||| qw: Do Orc after clearing Dungeon:15 true
     0 | D:1      | 0 ||| qw: Do second Lair branch before Depths: true
     0 | D:1      | 0 ||| qw: Lair rune preference: random
     0 | D:1      | 0 ||| qw: Goals: Normal
     0 | D:1      | 0 ||| PLANNING D:1-11
     3 | D:1      | Noticed an electric eel
     4 | D:1      | Noticed an electric eel
    35 | D:1      | Reached skill level 3 in Dodging
   198 | D:1      | Reached XP level 2. HP: 14/14 MP: 3/3
   383 | D:1      | Reached skill level 4 in Dodging
   394 | D:1      | Found Wotawkas's Jewellery Shoppe.
   431 | D:1      | 431 ||| SHOPLISTING +6 ring of dexterity (432 gold, have
                  | 35).
   431 | D:1      | 431 ||| SHOPLISTING +6 ring of strength (432 gold, have
                  | 35).
   431 | D:1      | 431 ||| SHOPLISTING amulet "Plog" {Faith Fly} (589 gold,
                  | have 35).
   431 | D:1      | 431 ||| SHOPLISTING ring "Figrud Begg" {*Corrode +Blink
                  | rPois AC+4 Int+2} (633 gold, have 35).
   431 | D:1      | 431 ||| SHOPLISTING ring of positive energy (240 gold, have
                  | 35).
   523 | D:1      | Found a faded altar of an unknown god.
   655 | D:1      | 655 ||| READING scroll labelled COSYR HEGH.
   656 | D:1      | 656 ||| READING scroll labelled TONAGE LAIWN.
   657 | D:1      | 657 ||| READING scroll labelled WUS EWNIUBLI.
   660 | D:1      | 660 ||| DROPPING scroll of butterflies.
   676 | D:2      | Noticed Jessica
   680 | D:2      | Killed Jessica
   681 | D:2      | Reached XP level 3. HP: 18/18 MP: 4/4
   894 | D:2      | Identified the +4 dagger of Fee Simple {flame, Fly rC+
                  | rN+++ Dex-4}
  1204 | D:2      | Reached XP level 4. HP: 22/22 MP: 5/5
  1216 | D:2      | Noticed Sigmund
  1229 | D:2      | Killed Sigmund
  1230 | D:2      | Reached skill level 7 in Dodging
  1230 | D:2      | Reached XP level 5. HP: 20/25 MP: 6/6
  1298 | D:2      | 1298 ||| READING scroll labelled KEDY OSIE.
  1299 | D:2      | 1299 ||| READING scroll labelled WICAST KUMOO.
  1300 | D:2      | 1300 ||| DRINKING 2 clear potions.
  1330 | D:3      | Noticed Robin
  1332 | D:3      | 1332 ||| STAIRDANCE
  1346 | D:3      | 1346 ||| STAIRDANCE
  1352 | D:3      | 1352 ||| STAIRDANCE
  1359 | D:3      | 1359 ||| STAIRDANCE
  1383 | D:3      | 1383 ||| STAIRDANCE
  1388 | D:3      | 1388 ||| STAIRDANCE
  1394 | D:3      | 1394 ||| STAIRDANCE
  1413 | D:3      | 1413 ||| STAIRDANCE
  1420 | D:3      | 1420 ||| STAIRDANCE
  1427 | D:3      | 1427 ||| STAIRDANCE
  1442 | D:3      | 1442 ||| STAIRDANCE
  1450 | D:2      | HP: 6/26 [poisoned by Robin]
  1537 | D:3      | 1537 ||| STAIRDANCE
  1566 | D:3      | 1566 ||| STAIRDANCE
  1568 | D:2      | HP: 5/26 [poisoned by Robin]
  1570 | D:2      | HP: 2/26 [poisoned by Robin]
  1572 | D:2      | Succumbed to Robin's poison

Levels and vault maps discovered:
D:1:      arrival_aquarium_b, layout_basic,
          dreamdust_ecumenical_altar_hidden_monk_grotto, serial_shops,
          nicolae_shop_gibbet_a_chance
D:2:      layout_basic, uniq_sigmund, uniq_jessica
D:3:      layout_basic, fiery_altar_vehumet, uniq_ijyb, uniq_robin, uniq_grinder

Skill      XL: |  1  2  3  4 |
---------------+-------------+-----
Dodging        | 3 4 7 |  7.1
Ranged Weapons | 5 |  5.0
Fighting       | |  1.8
Stealth        | |  1.5

Action                     |  1- 3 |  4- 6 || total
---------------------------+-------+-------++-------
   Fire: Shortbow          |    67 |    50 ||   117
    Use: Scroll            |     3 |     2 ||     5
         Potion            |       |     1 ||     1
 Armour: Robe              |     3 |    15 ||    18
  Dodge: Dodged            |     4 |    48 ||    52

Table legend:
 A = Non-vault XP
 B = Vault XP
 C = Vault XP percentage of total XP
 D = Non-vault monster count
 E = Vault monster count
 F = Vault count percentage of total count
                 A         B        C        D         E       F
            +---------+---------+-------+---------+---------+-------
      Total |      63 |     298 |  82.5 |      37 |      14 |  27.5
            +---------+---------+-------+---------+---------+-------
        D:1 |      29 |       0 |   0.0 |      16 |       0 |   0.0
        D:2 |      34 |     296 |  89.7 |      21 |      13 |  38.2
        D:3 |       0 |       2 | 100.0 |       0 |       1 | 100.0
            +---------+---------+-------+---------+---------+-------
